 Dungeon Crawl Stone Soup version 0.20.0-15-g7f486f2 (webtiles) character file.

119 Chiseanne the Skirmisher (level 4, -4/35 HPs)
             Began as a Demonspawn Wanderer on June 27, 2017.
             Was an Initiate of Gozag.
             Slain by Natasha (8 damage)
             ... on level 2 of the Dungeon.
             The game lasted 00:05:29 (2391 turns).

Chiseanne the Skirmisher (Demonspawn Wanderer)      Turns: 2391, Time: 00:05:30

Health: -4/35      AC:  6    Str: 11    XL:     4   Next: 73%
Magic:  5/5        EV: 12    Int: 16    God:    Gozag
Gold:   56         SH:  0    Dex: 12    Spells: 2/5 levels left

rFire    . . .     SeeInvis .   a - +1 short sword
rCold    . . .     Gourm    .   (no shield)
rNeg     . . .     Faith    .   k - +0 leather armour
rPois    .         Spirit   .   g - +1 helmet
rElec    .         Reflect  .   (no cloak)
rCorr    .         Harm     .   (no gloves)
MR       .....                  p - +0 pair of boots
Stlth    +.........             (no amulet)
Regen    0.2/turn               (no ring)
MPRegen  0.1/turn               (no ring)

@: no status effects
A: powered by pain 1
a: Potion Petition, Call Merchant, Bribe Branch, Renounce Religion


You were on level 2 of the Dungeon.
You worshipped Gozag.
Gozag was noncommittal.
You were not hungry.

You visited 1 branch of the dungeon, and saw 2 of its levels.

You collected 70 gold pieces.
You paid 14 gold pieces to Gozag.

Inventory:

Hand Weapons
 a - a +1 short sword (weapon)
Missiles
 i - 143 stones (quivered)
 q - 26 arrows
Armour
 g - a +1 helmet (worn)
 k - a +0 leather armour (worn)
 p - a +0 pair of boots (worn)
Jewellery
 r - a cursed ring of teleportation {unknown}
Scrolls
 h - 2 scrolls of teleportation
 m - 2 scrolls of remove curse
Potions
 e - a potion of cancellation {unknown}
 n - a potion of mutation {unknown}
Books
 c - a book of Minor Magic

   Spells                             Type                      Level
   a - Magic Dart                     Conjuration                  1
   b - Blink                          Translocation                2
   c - Call Imp                       Summoning                    2
   d - Slow                           Hexes                        2
   e - Conjure Flame                  Conjuration/Fire             3
   f - Mephitic Cloud                 Conjuration/Poison/Air       3
Comestibles
 f - a bread ration
 j - 2 meat rations
 l - 2 royal jellies


   Skills:
 * Level 3.0 Fighting
 - Level 2.6 Short Blades
 - Level 1.0 Throwing
 * Level 2.5 Dodging
   Level 1.0 Shields
 * Level 1.0 Spellcasting
 * Level 1.3 Conjurations
   Level 2.0 Summonings
   Level 1.0 Earth Magic


You had 2 spell levels left.
You knew the following spells:

 Your Spells              Type           Power        Failure   Level  Hunger
a - Magic Dart            Conj           #...         19%         1    ##.....
b - Blink                 Tloc           N/A          41%         2    ###....


Dungeon Overview and Level Annotations

Branches:
Dungeon (2/15)

Altars:
Gozag
Ru

Annotations:
D:2 Natasha


Innate Abilities, Weirdness & Mutations

You sometimes gain a little power by taking damage.


Message History

Natasha claws you.
You miss Natasha.
Natasha is severely wounded.
The white imp hits you. The white imp freezes you. Natasha claws you.
You hit Natasha but do no damage.
Natasha is severely wounded.
The white imp gestures at you. The puff of frost misses you.
Natasha wildly gestures.
Natasha glows brightly for a moment.
Natasha closely misses you.
You closely miss Natasha.
Natasha is severely wounded.
The white imp hits you. The white imp freezes you.
The white imp gestures at you. The puff of frost hits you!
* * * LOW HITPOINT WARNING * * *
Natasha claws you!
You die...
Your body crumbles into a pile of gold.

##.###.#.##........# #.
#######..........#####..#
#.
##.....####.##.##......).#
#. .#.###.##
#.##.#..#####..# #.
........###..............#
##
...#........##.#.#####.#.#
.....#..######.#.#.....>.#
........# #..5.5..##.#.#
..#####.#
#..#@#.....#.#### ... ..#
###..#h#.#........# ###
###.......S......#.....
.###...##.......##. #..#.
####?##.# !# #.##.
#......# ... .. #.S.[..#
### ## #......# #........


You could see Natasha, an adder and 2 white imps.

Vanquished Creatures
  Jessica (D:2)
  Robin (D:2)
  2 adders (D:2)
  A dart slug (D:1)
  A leopard gecko (D:1)
  2 ball pythons
  4 giant cockroaches
  9 goblins
  13 hobgoblins
  6 kobolds
  A quokka (D:2)
  8 bats
  4 frilled lizards
  3 rats
56 creatures vanquished.

Notes
Turn   | Place    | Note
-------+----------+-------------------------------------------
     0 | D:1      | Chiseanne the Demonspawn Wanderer began the quest for the Orb.
     0 | D:1      | Chiseanne set off with: a book of Minor Magic, a potion of curing, a +0 short sword, a +0 robe, a bread ration
     0 | D:1      | Reached XP level 1. HP: 15/15 MP: 1/1
   189 | D:1      | Gained mutation: You sometimes gain a little power by taking damage. [demonic ancestry]
   189 | D:1      | Reached XP level 2. HP: 11/21 MP: 2/2
   714 | D:1      | Reached skill level 2 in Fighting
  1042 | D:1      | Learned a level 1 spell: Magic Dart
  1510 | D:2      | Reached XP level 3. HP: 27/27 MP: 3/3
  1707 | D:2      | Found a sacrificial altar of Ru.
  1708 | D:2      | Noticed Jessica
  1744 | D:2      | Killed Jessica
  1744 | D:2      | Reached skill level 1 in Conjurations
  1744 | D:2      | Reached XP level 4. HP: 23/34 MP: 4/4
  1929 | D:2      | Noticed Robin
  1984 | D:2      | Killed Robin
  1984 | D:2      | Reached skill level 3 in Fighting
  1994 | D:2      | Reached skill level 1 in Spellcasting
  2281 | D:2      | Found an opulent altar of Gozag.
  2292 | D:2      | Became a worshipper of Gozag Ym Sagoz the Greedy
  2353 | D:2      | Learned a level 2 spell: Blink
  2371 | D:2      | Noticed Natasha
  2391 | D:2      | Slain by Natasha

Skill      XL: |  1  2  3  4 |
---------------+-------------+-----
Fighting       | 2 3 |  3.0
Dodging        | 2 |  2.5
Conjurations   | 1 |  1.3
Spellcasting   | 1 |  1.0
Short Blades   | |  2.6
Throwing       | |  1.0
Shields        | |  1.0
Summonings     | |  2.0
Earth Magic    | |  1.0

Action                   |  1- 3 |  4- 6 || total
-------------------------+-------+-------++-------
Melee: Short sword       |   158 |    85 ||   243
  Use: Scroll            |     5 |       ||     5
       Potion            |       |     3 ||     3
 Stab: Sleeping          |     1 |       ||     1
       Paralysed         |       |     1 ||     1
  Eat: Chunk             |     3 |     2 ||     5
Armor: Robe              |    15 |       ||    15
       Leather armour    |    20 |    14 ||    34
       Skin              |       |    45 ||    45
Dodge: Dodged            |   110 |    46 ||   156
